AoeStats
← HeroSan

African Clearing

510858007Analyzed
3v3 RM · 16h ago on Oct 2, 2026· 47m 13s· 6 players
Game mode
Random Map
Map size
Normal (6 player)
Population
200
Speed
Normal
Resources
Standard
Victory
Conquest
Starting age
Dark Age
Ending age
Imperial Age
RankedLock teamsTeams togetherTeam positionsShared explorationLock speedFull tech treeHidden civsTurbo modeCheats
Victory
Defeat
🇲🇽 Varangians · Mexico
1547
+11
🇨🇦 Japanese · Canada
1430
+16
1203
+25
🇦🇷 Chinese · Argentina
1477
-19
🇦🇷 Spanish · Argentina
1472
-19
🇦🇷 Vietnamese · Argentina
1331
-14
EL_MISMO
3:12 Loom
13:38 Feudal Age
17:19 Castle Age
15:08 Town Watch
16:21 Double-Bit Axe
42:08 Imperial Age
40:16 Wheelbarrow
39:50 Scale Barding Armor
39:55 Forging
41:31 Bloodlines
41:21 Husbandry
41:45 Chain Barding Armor
42:33 Hand Cart
42:33 Forging
43:30 Conscription
44:13 Elite Jarl
44:59 Vendel Legacy
44:59 Gothikon
{MAMP}laQUEENde FIFI BING BING
3:17 Loom
13:58 Feudal Age
15:46 Double-Bit Axe
18:23 Castle Age
19:57 Bow Saw
20:58 Horse Collar
28:49 Bloodlines
30:02 Wheelbarrow
31:36 Sanctity
30:43 Light Cavalry
35:20 Imperial Age
33:57 Fletching
35:01 Husbandry
35:08 Scale Barding Armor
35:05 Padded Archer Armor
35:00 Bodkin Arrow
35:39 Forging
35:29 Elite Skirmisher
37:27 Thumb Ring
39:38 Leather Archer Armor
40:38 Ballistics
45:20 Chain Barding Armor
44:41 Heavy Camel Rider
46:25 Scale Mail Armor
46:16 Pikeman
46:57 Squires
46:42 Arson
{MAMP}Elky
5:41 Loom
13:30 Feudal Age
17:56 Castle Age
16:21 Town Watch
16:24 Double-Bit Axe
16:24 Horse Collar
18:26 Gold Mining
18:28 Stone Mining
19:18 Wheelbarrow
18:48 Fletching
26:51 Guard Tower
29:13 Bow Saw
33:46 Ballistics
33:23 Bodkin Arrow
37:56 Hand Cart
37:43 Scale Mail Armor
37:54 Forging
43:25 Gold Shaft Mining
44:23 Masonry
43:54 Treadmill Crane
44:09 Murder Holes
44:33 Chain Mail Armor
44:53 Iron Casting
HeroSan
3:23 Loom
13:07 Feudal Age
17:17 Castle Age
15:58 Double-Bit Axe
16:53 Fletching
18:22 Bodkin Arrow
19:35 Town Watch
21:24 Bow Saw
26:46 Horse Collar
32:44 Heavy Plow
33:30 Wheelbarrow
39:04 Imperial Age
38:53 Ballistics
39:38 Padded Archer Armor
39:52 Bracer
40:55 Chemistry
39:20 Capped Ram
42:06 Leather Archer Armor
43:49 Bloodlines
43:39 Husbandry
45:58 Thumb Ring
Mr_Bruswill
5:57 Loom
12:41 Feudal Age
17:12 Castle Age
15:46 Double-Bit Axe
16:33 Stone Mining
16:54 Horse Collar
30:30 Bow Saw
36:45 Imperial Age
34:54 Wheelbarrow
34:04 Town Watch
34:55 Heavy Plow
37:53 Scale Barding Armor
37:58 Forging
38:06 Bloodlines
37:18 Cavalier
37:58 Husbandry
39:29 Chain Barding Armor
40:16 Conscription
41:19 Plate Barding Armor
41:20 Iron Casting
43:59 Light Cavalry
guido_ara
6:02 Loom
13:02 Feudal Age
13:32 Feudal Age
17:10 Castle Age
16:06 Stone Mining
26:44 Fletching
27:54 Bodkin Arrow
39:42 Wheelbarrow
46:34 Imperial Age
44:28 Gold Mining
45:29 Forging
Connection lost

Rejoining the realm…

Still unreachable

The connection could not be restored.

Session expired

The server has moved on; the page needs a fresh start.